 Dungeon Crawl Stone Soup version 0.22-a0-618-gd6a3efe (webtiles) character file.

2209 Amnesiac the Thaumaturge (level 9, -1/57 HPs)
             Began as a Mummy Earth Elementalist on July 14, 2018.
             Was a Believer of Ashenzari.
             Hit by a stone thrown by an orc warrior (11 damage)
             ... on level 7 of the Dungeon.
             The game lasted 00:15:03 (8893 turns).

Amnesiac the Thaumaturge (Mummy Earth Elementalist) Turns: 8893, Time: 00:15:03

Health: -1/57      AC:  3    Str: 11    XL:     9   Next: 13%
Magic:  21/21      EV: 12    Int: 17    God:    Ashenzari [**....]
Gold:   315        SH:  0    Dex: 13    Spells: 7/24 levels left

rFire    x . .     SeeInvis .   a - +1 dagger (venom)
rCold    + . .     Gourm    .   (no shield)
rNeg     + + +     Faith    .   c - +0 robe
rPois    ∞         Spirit   .   (no helmet)
rElec    .         Reflect  .   u - +0 cloak
rCorr    .         Harm     .   (no gloves)
MR       +....     Rnd*Tele +   (no boots)
Stlth    ++........             (no amulet)
HPRegen  0.19/turn              r - ring of teleportation (curse)
MPRegen  0.17/turn              g - ring of teleportation (curse)

@: no status effects
A: no food or potions, fire vulnerability, cold resistance 1, negative energy
resistance 3, torment resistance, unbreathing
a: Curse Item, Scrying, Renounce Religion


You were on level 7 of the Dungeon.
You worshipped Ashenzari.
Ashenzari was pleased with you.
You were not hungry.

You visited 2 branches of the dungeon, and saw 8 of its levels.
You also visited: Sewer.

You collected 315 gold pieces.

Inventory:

Hand Weapons
 a - a +1 dagger of venom (weapon)
 b - a +3 hunting sling of flaming
 n - a +2 short sword of protection
 q - a +3 dagger
Missiles
 o - 182 stones (quivered)
Armour
 c - a +0 robe (worn)
 u - a +0 cloak (worn)
Jewellery
 g - a cursed ring of teleportation (right hand)
 p - an uncursed amulet of guardian spirit
 r - a cursed ring of teleportation (left hand)
Wands
 k - a wand of random effects (10)
Scrolls
 d - 2 scrolls of blinking {!r, unknown}
 e - 4 scrolls of remove curse {!r}
 f - a scroll of amnesia {!r, unknown}
 h - 2 scrolls of fog {!r, unknown}
 i - a scroll of fear {!r, unknown}
 j - 5 scrolls of teleportation {!r, unknown}
 l - 2 scrolls of magic mapping {!r, unknown}
 m - 2 scrolls of enchant weapon {!r, unknown}
 s - a scroll of random uselessness {!r, unknown}
 t - a scroll of identify {!r, unknown}


   Skills:
 - Level 2.0 Short Blades
 - Level 1.5 Dodging
 - Level 2.0 Stealth
 + Level 8.2 Spellcasting
 + Level 2.4(3.6) Transmutations
 * Level 8.2(9.6) Earth Magic


You had 7 spell levels left.
You knew the following spells:

 Your Spells              Type           Power        Failure   Level  Hunger
a - Sandblast             Erth           #####.       1%          1    N/A
b - Passwall              Tmut/Erth      ####....     1%          2    N/A
c - Stone Arrow           Conj/Erth      ###...       4%          3    N/A
d - Lee's Rapid Deconstr  Erth           #####.....   5%          5    N/A
e - Petrify               Tmut/Erth      ####....     7%          4    N/A
f - Apportation           Tloc           #.....       10%         1    N/A
z - Confusing Touch       Hex            #.....       10%         1    N/A

Your spell library contained the following spells:

 Spells                   Type           Power        Failure   Level  Hunger
 Summon Small Mammal      Summ           #...         10%         1    N/A
 Animate Skeleton         Necr           N/A          10%         1    N/A

Dungeon Overview and Level Annotations

Branches:
Dungeon (7/15)             Temple (1/1) D:4

Altars:
Ashenzari
Cheibriados
Dithmenos
Elyvilon
Fedhas
Gozag
Makhleb
Nemelex Xobeh
Okawaru
Ru
Sif Muna
Uskayaw
Vehumet
Yredelemnul
Zin
The Shining One

Annotations:
D:6 1 runed door


Innate Abilities, Weirdness & Mutations

You do not eat or drink.
Your flesh is vulnerable to fire.
You are immune to poison.
Your flesh is cold resistant. (rC+)
You are immune to negative energy. (rN+++)
You are immune to unholy pain and torment.
You can survive without breathing.


Message History

The big kobold hits you with a short sword.
You closely miss the big kobold.
The big kobold is heavily wounded.
The big kobold hits you with a short sword.
You barely miss the big kobold.
The big kobold is heavily wounded.
The big kobold barely misses you.
You hit the big kobold.
The big kobold looks even sicker.
The big kobold is severely wounded.
The big kobold hits you with a short sword.
You hit the big kobold but do no damage.
The big kobold looks as sick as possible!
The big kobold is severely wounded.
You hit the big kobold but do no damage.
The big kobold looks as sick as possible!
The big kobold is almost dead.
You kill the big kobold!
An orc warrior comes into view.
Ashenzari warns you: It is wielding a trident of piercing.
The kobold barely misses you.
Things that are here:
an uncursed short sword; a big kobold corpse The orc warrior shouts!
You hit the kobold but do no damage. The kobold closely misses you.
You hit the kobold.
The kobold is poisoned.
The kobold is moderately wounded.
The kobold completely misses you.
You hit the kobold.
The kobold looks as sick as possible!
The kobold is severely wounded.
You kill the kobold!
A wight comes into view. It is wielding a scimitar.
You closely miss the kobold. The kobold hits you.
You miss the kobold. The kobold misses you.
You hit the kobold.
The kobold is poisoned.
The kobold is severely wounded.
The kobold hits you.
A wight comes into view. It is wielding a trident.
You barely miss the kobold.
The kobold is severely wounded.
The kobold closely misses you.
You barely miss the kobold.
The kobold is severely wounded.
The kobold barely misses you.
You hit the kobold but do no damage.
The kobold looks as sick as possible!
The kobold is severely wounded.
You kill the kobold!
You barely miss the orc. The orc closely misses you.
An orc comes into view. It is wielding a trident.
The orc shouts!
You hit the orc.
The orc is poisoned.
The orc is heavily wounded.
The orc closely misses you.
You hit the orc.
You kill the orc!
You hit the kobold but do no damage.
The kobold is poisoned.
The kobold barely misses you.
The orc warrior hits you from afar with a trident of piercing!!
* * * LOW HITPOINT WARNING * * *
x2 You are too injured to fight recklessly!
You hit the kobold.
You kill the kobold!
Unknown command.
The orc warrior throws a stone.
The stone hits you!
You die...

########## ##........## * *
#.@#####...# ** * #.## ##.##
, # * #)# ,#.# 8 #.,,, #o# ,
,,#.# ,_ #.. ,*#####z#,8,,
#.# 8 * #....##...KK## ,
+#.#+ *
#....#....zo.#####...#####.#
#.......z..........⌠........
#......>.....#####...#####.


You could see an orc warrior, 2 wights, an orc and 2 kobolds.

Vanquished Creatures
  Edmund (D:6)
  A phantom (D:4)
  2 ice beasts
  2 orc warriors
  5 ogres
  A sky beast (D:5)
  A big kobold (D:7)
  A bullfrog (D:6)
  A gnoll sergeant (D:4)
  A wyvern skeleton (D:6)
  A wight (D:7)
  2 howler monkeys (D:5)
  A crimson imp (D:6)
  4 hounds
  A jelly (D:5)
  2 orc priests
  5 orc wizards
  2 iguanas
  2 worker ants
  4 gnolls
  A howler monkey skeleton (D:6)
  13 adders
  4 worms
  3 leopard geckos (D:4)
  14 orcs
  4 giant cockroaches
  4 goblins
  6 hobgoblins
  16 jackals
  2 ball pythons
  12 bats
  8 frilled lizards
  15 kobolds
  A leopard gecko skeleton (D:4)
  9 rats
  4 plants (Sewer)
156 creatures vanquished.

Notes
Turn   | Place    | Note
-------+----------+-------------------------------------------
     0 | D:1      | Amnesiac the Mummy Earth Elementalist began the quest for the Orb.
     0 | D:1      | Reached XP level 1. HP: 13/13 MP: 4/4
   104 | D:2      | Reached XP level 2. HP: 19/19 MP: 4/6
   372 | D:2      | Found a faded altar of an unknown god.
   375 | D:2      | Reached XP level 3. HP: 24/24 MP: 5/7
   462 | D:4      | Noticed an ogre
   469 | D:4      | Killed an ogre
   469 | D:4      | Reached XP level 4. HP: 30/30 MP: 2/10
   474 | D:4      | Learned a level 2 spell: Passwall
   479 | D:4      | Learned a level 4 spell: Petrify
   483 | D:4      | Learned a level 3 spell: Stone Arrow
   569 | D:4      | Noticed an ogre
   576 | D:4      | Killed an ogre
   576 | D:4      | Reached skill level 1 in Transmutations
   576 | D:4      | Reached XP level 5. HP: 35/35 MP: 5/11
   657 | D:5      | Entered Level 5 of the Dungeon
   673 | D:5      | Noticed a sky beast
   703 | D:5      | Killed a sky beast
   703 | D:5      | Reached XP level 6. HP: 11/41 MP: 7/13
   720 | D:4      | Found a staircase to the Ecumenical Temple.
   729 | Temple   | Entered the Ecumenical Temple
   745 | Temple   | Became a worshipper of Ashenzari the Shackled
   815 | D:4      | Found a glowing drain.
   816 | Sewer    | Entered a sewer
   835 | Sewer    | HP: 2/41 [adder (3)]
  1115 | Sewer    | Reached skill level 5 in Spellcasting
  1244 | Sewer    | Reached skill level 5 in Earth Magic
  3031 | D:3      | Found a glowing silver altar of Zin.
  3039 | D:3      | Found an iron altar of Okawaru.
  3048 | D:3      | Found a basalt altar of Yredelemnul.
  4170 | D:2      | Found a white marble altar of Elyvilon.
  4278 | D:2      | Found a shadowy altar of Dithmenos.
  4499 | D:3      | Reached * piety under Ashenzari
  4957 | D:4      | Reached XP level 7. HP: 46/46 MP: 5/15
  5282 | D:4      | HP: 2/46 [gnoll/flail (7)]
  5324 | D:4      | You fall through a shaft for 2 floors!
  5729 | D:6      | Noticed Edmund
  5743 | D:6      | Reached XP level 8. HP: 47/52 MP: 12/18
  5759 | D:6      | Killed Edmund
  5774 | D:6      | Reached skill level 1 in Short Blades
  5820 | D:6      | Found a white marble altar of Elyvilon.
  5962 | D:5      | Found a radiant altar of Vehumet.
  6093 | D:5      | Learned a level 5 spell: Lee's Rapid Deconstruction
  6095 | D:5      | Learned a level 1 spell: Confusing Touch
  6099 | D:5      | Learned a level 1 spell: Apportation
  6841 | D:5      | Reached ** piety under Ashenzari
  7026 | D:6      | Found a sparkling altar of Nemelex Xobeh.
  7654 | D:5      | Found a radiant altar of Vehumet.
  8166 | D:6      | Reached XP level 9. HP: 41/57 MP: 17/21
  8388 | D:6      | Noticed an angel
  8394 | D:6      | Found a runed door.
  8893 | D:7      | Hit by a stone thrown by an orc warrior

Vault maps used:
D:1:      dpeg_arrival_windows_large_door
D:2:      grunt_dithmenos_smoke_and_mirrors, nicolae_overflow_crystal_walls,
          chequers_ecumenical_altar_simple
D:3:      grunt_temple_overflow_open
D:4:      minmay_temple_entry_from_below_b, gup_sewer_entry_bowl
D:5:      lemuel_doored_altar, first_ration
D:6:      kennysheep_little_box, lemuel_angel_altar, uniq_edmund
D:7:      regret_index_temple_of_mockery, grunt_temple_overflow_cloverleaf
Temple:   jpeg_temple_island
Sewer:    sewer_co_scattered_pipes

Skill      XL: |  1  2  3  4  5  6  7  8 |
---------------+-------------------------+-----
Spellcasting   | 3 4 5 6 8 |  8.2
Earth Magic    | 3 4 5 6 8 |  8.2
Transmutations | 1 2 |  2.4
Stealth        | 2 |  2.0
Short Blades   | 2 |  2.0
Dodging        | |  1.5

Action                   |  1- 3 |  4- 6 |  7- 9 || total
-------------------------+-------+-------+-------++-------
Melee: Unarmed           |     9 |       |       ||     9
       Trident           |       |   354 |       ||   354
       Dagger            |       |       |   160 ||   160
 Cast: Sandblast         |    15 |    69 |    59 ||   143
       Passwall          |       |     2 |     2 ||     4
       Petrify           |       |       |    13 ||    13
       Lee's Rapid Decon |       |       |     2 ||     2
 Stab: Sleeping          |     1 |     3 |     3 ||     7
       Petrified         |       |       |    36 ||    36
Armor: Robe              |     5 |    51 |     9 ||    65
Dodge: Dodged            |    11 |   172 |    73 ||   256

Table legend:
 A = Spawn XP
 B = Non-spawn XP
 C = Spawn XP percentage of total XP
 D = Spawn monster count
 E = Non-spawn monster count
 F = Spawn count percentage of total count
 G = Total turns spent on level
                    A         B        C        D         E        F      G
               +---------+---------+-------+---------+---------+-------+---------
         Total |       0 |    3156 |   0.0 |       0 |     152 |   0.0 |  8893
               +---------+---------+-------+---------+---------+-------+---------
           D:1 |       0 |      39 |   0.0 |       0 |      24 |   0.0 |   857
           D:2 |       0 |     132 |   0.0 |       0 |      24 |   0.0 |   832
           D:3 |       0 |      18 |   0.0 |       0 |      11 |   0.0 |   643
           D:4 |       0 |     805 |   0.0 |       0 |      23 |   0.0 |  1050
           D:5 |       0 |     905 |   0.0 |       0 |      25 |   0.0 |  1740
           D:6 |       0 |     875 |   0.0 |       0 |      16 |   0.0 |  1529
           D:7 |       0 |     291 |   0.0 |       0 |       8 |   0.0 |   145
         Sewer |       0 |      91 |   0.0 |       0 |      21 |   0.0 |  2070
               +---------+---------+-------+---------+---------+-------+---------
